 Dungeon Crawl Stone Soup version 0.20.1-1-g8b1a95d (webtiles) character file.

84 Ladykiller69 the Bolt Thrower (level 4, -1/35 HPs)
             Began as a Formicid Hunter on July 27, 2017.
             Slain by a worker ant (4 damage)
             ... on level 3 of the Dungeon.
             The game lasted 00:04:27 (1884 turns).

Ladykiller69 the Bolt Thrower (Formicid Hunter)     Turns: 1884, Time: 00:04:28

Health: -1/35      AC: 12    Str: 17    XL:     4   Next: 74%
Magic:  4/4        EV:  7    Int: 11    God:
Gold:   103        SH:  0    Dex: 11    Spells: 3/3 levels left

rFire    . . .     SeeInvis +   a - +0 hand axe
rCold    . . .     Gourm    .   (no shield)
rNeg     . . .     Faith    .   j - +0 chain mail
rPois    .         Spirit   .   (helmet unavailable)
rElec    .         Reflect  .   (no cloak)
rCorr    .         Harm     .   (no gloves)
MR       .....     Clarity  +   b - +2 pair of boots {run}
Stlth    ..........             (no amulet)
Regen    0.2/turn               (no ring)
MPRegen  0.1/turn               (no ring)

@: lethally poisoned (-1 -> -14), quick
A: permanent stasis, dig shafts and tunnels, four strong arms, antennae 3,
talons 1, clarity, deterioration 1, shaggy fur 1
a: Dig, Shaft Self


You were on level 3 of the Dungeon.
You were hungry.

You visited 1 branch of the dungeon, and saw 3 of its levels.

You collected 103 gold pieces.

Inventory:

Hand Weapons
 a - a +0 hand axe (weapon)
 l - a +0 short sword
 w - a +1 hand crossbow
Missiles
 d - 52 bolts
Armour
 b - a +2 pair of boots of running (worn)
 c - a +0 leather armour
 i - a +0 ring mail
 j - a +0 chain mail (worn)
Scrolls
 e - a scroll of fog {unknown}
 m - a scroll of amnesia {unknown}
 o - a scroll of identify {unknown}
 p - 3 scrolls of teleportation {unknown}
Potions
 k - a potion of curing
 n - a potion of might {unknown}
 q - a potion of mutation
 r - 2 potions of flight {unknown}
Comestibles
 f - 3 bread rations
 g - 2 fruits
 h - 4 royal jellies
 s - 2 chunks of flesh


   Skills:
 + Level 3.4 Fighting
 * Level 0.0 Axes
 + Level 4.4 Crossbows
 + Level 1.8 Armour
 + Level 2.2 Dodging
 - Level 1.2 Stealth


You had 3 spell levels left.
You didn't know any spells.

Dungeon Overview and Level Annotations

Branches:
Dungeon (2/15)

Altars:
Dithmenos
Trog
Xom


Innate Abilities, Weirdness & Mutations

You cannot be hasted, slowed, berserked, paralysed or teleported.
You can dig through walls and to a lower floor.
Your four strong arms can wield two-handed weapons with a shield.
You have a pair of large antennae on your head. (SInv)
You have sharp toenails.
You possess an exceptional clarity of mind.
Your body sometimes deteriorates upon taking damage.
You are covered in fur. (AC +1)


Message History

You miss the adder.
The adder is almost dead.
You hit the worker ant but do no damage.
The adder closely misses you. The worker ant bites you.
* * * LOW HITPOINT WARNING * * *
The adder bites you but does no damage. The worker ant bites you.
* * * LOW HITPOINT WARNING * * *
You are lethally poisoned!
The worker ant poisons you!
* * * LOW HITPOINT WARNING * * *
You feel sick.
It was a potion of mutation.
You feel extremely strange.
You feel yourself wasting away. Fur sprouts all over your body.
Your thoughts seem clearer.
Your toenails lengthen and sharpen.
* * * LOW HITPOINT WARNING * * *
You feel sick. The adder bites you.
* * * LOW HITPOINT WARNING * * *
You are more poisoned.
The adder poisons you! The worker ant bites you.
You die...

##.#### #.....# ..
#.....# #. #.....# #. #.
#.....# #.# #.##.....#
#.. #.##..(..#
%..###.###.##.....#
......ha@.........##
..##.#S##.........#
#h##.........# h
#..#.........# h..##
##.#.........#
..(.(.##...........#
......?............#
......###..........#
............######.######


You could see a worker ant, an adder and 2 jackals.

Vanquished Creatures
  2 adders (D:2)
  A gnoll (D:1)
  A worm (D:2)
  4 dart slugs
  2 leopard geckos
  An orc (D:3)
  4 bats
  6 giant cockroaches
  A goblin (D:1)
  7 hobgoblins
  2 jackals (D:3)
  2 quokkas (D:2)
  4 frilled lizards
  A kobold (D:3)
  3 rats
41 creatures vanquished.

Notes
Turn   | Place    | Note
-------+----------+-------------------------------------------
     0 | D:1      | Ladykiller69 the Formicid Hunter began the quest for the Orb.
     0 | D:1      | Reached XP level 1. HP: 16/16 MP: 1/1
    95 | D:1      | Reached XP level 2. HP: 23/23 MP: 2/2
   618 | D:1      | Reached XP level 3. HP: 20/28 MP: 3/3
   642 | D:2      | Found a shadowy altar of Dithmenos.
  1010 | D:2      | Reached skill level 1 in Armour
  1157 | D:2      | Reached XP level 4. HP: 34/35 MP: 4/4
  1609 | D:2      | Found a bloodstained altar of Trog.
  1635 | D:2      | Identified a +2 pair of boots of running (You found it on level 2 of the Dungeon)
  1669 | D:2      | Found a shimmering altar of Xom.
  1670 | D:2      | Found a shimmering altar of Xom.
  1721 | D:2      | You fall through a shaft!
  1884 | D:3      | Gained mutation: Your body sometimes deteriorates upon taking damage. [potion of mutation]
  1884 | D:3      | Gained mutation: You are covered in fur. (AC +1) [potion of mutation]
  1884 | D:3      | Gained mutation: You possess an exceptional clarity of mind. [potion of mutation]
  1884 | D:3      | Gained mutation: You have sharp toenails. [potion of mutation]
  1884 | D:3      | Slain by a worker ant

Skill      XL: |  1  2  3 |
---------------+----------+-----
Dodging        | 2 |  2.2
Fighting       | 3 |  3.4
Armour         | 1 |  1.8
Crossbows      | |  4.4
Stealth        | |  1.2

Action                   |  1- 3 |  4- 6 || total
-------------------------+-------+-------++-------
Melee: Short sword       |    82 |       ||    82
       Hand axe          |    21 |    76 ||    97
 Fire: Hand crossbow     |    16 |     8 ||    24
 Abil: Dig               |       |     1 ||     1
  Use: Potion            |       |     2 ||     2
  Eat: Chunk             |     1 |     2 ||     3
Armor: Leather armour    |     6 |       ||     6
       Ring mail         |    13 |       ||    13
       Chain mail        |    43 |    70 ||   113
Dodge: Dodged            |    60 |    54 ||   114
